 Dungeon Crawl Stone Soup version 0.20-a0-1109-ge3cd172 (webtiles) character file.

165 wolfsongas the Cudgeler (level 5, -3/36 HPs)
             Began as an Octopode Berserker on May 5, 2017.
             Was a Believer of Trog.
             Killed from afar by an orc wizard (10 damage)
             ... with a puff of frost
             ... on level 3 of the Dungeon.
             The game lasted 00:05:15 (1892 turns).

wolfsongas the Cudgeler (Octopode Berserker)        Turns: 1892, Time: 00:05:16

Health: -3/36      AC:  1    Str: 17    XL:     5   Next: 46%
Magic:  14/14      EV: 14    Int:  9    God:    Trog [**....]
Gold:   103        SH:  0    Dex: 12    Spells: 4/4 levels left

rFire    . . .     SeeInvis .   d - +0 mace (pain)
rCold    . . .     Gourm    .   (no shield)
rNeg     . . .     Faith    .   (helmet restricted)
rPois    .         Spirit   .   e - amulet of harm
rElec    .         Reflect  .   g - ring of magical power
rCorr    .         Harm     +   (no ring)
MR       .....                  (no ring)
Stlth    ++........             (no ring)
Regen    0.2/turn               (no ring)
MPRegen  0.2/turn               (no ring)
                                (no ring)
                                (no ring)

@: very slightly contaminated, slowed, drained, very slow
A: almost no armour, stealthy swim, amphibious, 8 rings, constrict 8, camouflage
1, gelatinous body 1
a: Berserk, Trog's Hand, Burn Spellbooks, Renounce Religion


You were on level 3 of the Dungeon.
You worshipped Trog.
Trog was pleased with you.
You were near starving.

You visited 1 branch of the dungeon, and saw 3 of its levels.

You collected 103 gold pieces.

Inventory:

Hand Weapons
 a - a +2 mace
 d - a +0 mace of pain (weapon)
Jewellery
 e - an amulet of harm (around mantle)
 g - a ring of magical power (left tentacle)
Comestibles
 c - 4 fruits
 f - a bread ration


   Skills:
 - Level 3.2(2.5) Fighting
 * Level 5.5(4.7) Maces & Flails
 - Level 3.4(2.7) Dodging


You had 4 spell levels left.
You didn't know any spells.

Dungeon Overview and Level Annotations

Branches:
Dungeon (3/15)

Altars:
Xom


Innate Abilities, Weirdness & Mutations

You cannot wear most types of armour.
You are very stealthy in the water. (Stealth+)
You are amphibious.
You can wear up to eight rings at the same time.
You can use your tentacles to constrict eight enemies at once.
Your skin changes colour to match your surroundings (Stealth+).
Your rubbery body absorbs attacks. (AC +1, EV +1)


Message History

The jackal bites you.
* * * LOW HITPOINT WARNING * * *
The orc hits you.
* * * LOW HITPOINT WARNING * * *
The jackal bites you.
* * * LOW HITPOINT WARNING * * *
The orc closely misses you. The jackal closely misses you.
You hear some strange, mumbled words.
A puff of flame appears from out of thin air!
The puff of flame misses you.
You hit the orc.
The orc is almost dead.
You constrict the orc.
You kill the orc!
Trog accepts your kill. The jackal closely misses you.
You hear some strange, mumbled words.
A puff of frost appears from out of thin air!
The puff of frost hits you!
You die...

..## # ... .. .# #
##..# .##.# #.#.
#(#.##....
.#....##)(.#...###
.......<(.........
......#.#<.....###
..... #.#)h.......
...# #.#(@....##
.. #.#)[....... .
#.#(..#.#.#.
...........
#.....#.#...
#.....#.#.[.
#.....# # .
#.....#


You could see a jackal.

Vanquished Creatures
  Jessica (D:3)
  Natasha (thrice) (D:2)
  An adder (D:2)
  A shadow imp (D:3)
  2 dart slugs (D:1)
  2 leopard geckos (D:1)
  4 orcs (D:3)
  5 giant cockroaches
  6 goblins
  2 hobgoblins
  A kobold (D:2)
  2 quokkas (D:2)
  2 ball pythons
  A bat (D:1)
  5 frilled lizards
  8 rats
46 creatures vanquished.

Vanquished Creatures (others)
  A kobold (D:3)
1 creature vanquished.

Grand Total: 47 creatures vanquished

Notes
Turn   | Place    | Note
-------+----------+-------------------------------------------
     0 | D:1      | wolfsongas the Octopode Berserker began the quest for the Orb.
     0 | D:1      | Reached XP level 1. HP: 16/16 MP: 1/1
    31 | D:1      | Reached XP level 2. HP: 15/21 MP: 2/2
   623 | D:1      | Reached XP level 3. HP: 26/26 MP: 3/3
   764 | D:2      | Found a shimmering altar of Xom.
   952 | D:2      | Noticed Natasha
   957 | D:2      | Killed Natasha
   957 | D:2      | Reached skill level 4 in Maces & Flails
   957 | D:2      | Reached XP level 4. HP: 12/31 MP: 4/4
  1327 | D:2      | Noticed Natasha
  1345 | D:2      | Killed Natasha
  1362 | D:2      | Noticed Natasha
  1372 | D:2      | Killed Natasha
  1372 | D:2      | Reached ** piety under Trog
  1372 | D:2      | Reached skill level 5 in Maces & Flails
  1372 | D:2      | Reached XP level 5. HP: 6/36 MP: 5/5
  1863 | D:3      | Noticed Jessica
  1871 | D:3      | Killed Jessica
  1892 | D:3      | Killed from afar by an orc wizard

Vault maps used:
D:1:      lightli_arrival_noodles
D:2:      xom_teletrap_fun, first_bread, uniq_natasha
D:3:      lemuel_blue_sif_altar, lemuel_coloured_pillars_altar,
          minmay_snake_closets, uniq_jessica

Skill      XL: |  1  2  3  4 |
---------------+-------------+-----
Maces & Flails | 4 5 |  5.5
Fighting       | |  3.2
Dodging        | |  3.4

Action                   |  1- 3 |  4- 6 || total
-------------------------+-------+-------++-------
Melee: Mace              |    47 |    32 ||    79
       Constrict         |    10 |    11 ||    21
       Tentacles         |     6 |     7 ||    13
Invok: Berserk           |     2 |     2 ||     4
  Use: Scroll            |     7 |     1 ||     8
       Potion            |     3 |     3 ||     6
 Stab: Sleeping          |     6 |       ||     6
       Invisible         |       |     1 ||     1
  Eat: Bread ration      |     1 |       ||     1
Armor: Skin              |       |     2 ||     2
Dodge: Dodged            |    31 |    40 ||    71
